 Dungeon Crawl Stone Soup version 0.28-a0-1447-ga5a8893891 (webtiles) character file.

Game seed: 16392369985281930974

1 hashsling the Vexing (level 1, -1/10 HPs)
             Began as a Deep Elf Enchanter on Jan 11, 2022.
             Killed from afar by a dart slug (4 damage)
             ... with a slug dart
             ... on level 1 of the Dungeon.
             The game lasted 00:01:15 (224 turns).

hashsling the Vexing (Deep Elf Enchanter)            Turns: 224, Time: 00:01:17

Health: -1/10      AC:  2    Str:  5    XL:     1   Next: 16%
Magic:  6/6        EV: 12    Int: 19    God:
Gold:   13         SH:  0    Dex: 15    Spells: 6/6 levels left

rFire   . . .      SeeInvis .   a - +1 dagger
rCold   . . .      Faith    .   (no shield)
rNeg    . . .      Spirit   .   b - +0 robe
rPois   .          Reflect  .   (no helmet)
rElec   .          Harm     .   (no cloak)
rCorr   .          Rampage  .   (no gloves)
Will    .....                   (no boots)
Stlth   ++........              (no amulet)
HPRegen 0.03/turn               (no ring)
MPRegen 0.10/turn               (no ring)

@: no status effects
A: no striking features
a: no special abilities


You were on level 1 of the Dungeon.
You visited 1 branch of the dungeon, and saw 1 of its levels.

You collected 13 gold pieces.

Inventory:

Hand Weapons
 a - a +1 dagger (weapon)
Armour
 b - a +0 robe (worn)
Scrolls
 d - a scroll of fear
 e - a scroll of fog {unknown}
Potions
 c - a potion of invisibility


   Skills:
 + Level 1.0 Short Blades
 + Level 2.4 Dodging
 - Level 3.6 Stealth
 + Level 3.0 Spellcasting
 * Level 4.0 Hexes


You had 6 spell levels left.
You didn't know any spells.
Your spell library contained the following spells:

 Spells                   Type           Power      Damage    Failure   Level
 Confusing Touch          Hex            18%        N/A       9%          3
 Tukima's Dance           Hex            18%        N/A       9%          3
 Ensorcelled Hibernation  Hex/Ice        20%        N/A       10%         2
 Dazzling Flash           Conj/Hex       20%        N/A       21%         3


Dungeon Overview and Level Annotations

Branches:
Dungeon (1/15)

Altars:


Message History

d - 2 scrolls labelled AMIDOS WATU (gained 1)
Found a stone staircase leading down.
There is a stone staircase leading down here.
e - a scroll labelled EBONKA NEH A dart slug comes into view.
As you read the scroll labelled AMIDOS WATU, it crumbles to dust.
You assume a fearsome visage.
Nothing appears to happen.
It was a scroll of fear.
No target in view!
The dart slug bites you but does no damage.
You hit the dart slug.
The dart slug is moderately wounded.
The dart slug bites you.
You hit the dart slug.
The dart slug is heavily wounded.
You hit the dart slug.
The dart slug is severely wounded.
The dart slug launches a dart at you. The slug dart hits you.
* * * LOW HITPOINT WARNING * * *
You are too injured to fight recklessly!
Hit: a) +1 dagger
Press: ? - help, Dir - move target, f - dart slug
Aim: a dart slug (severely wounded, about 6% to evade your +1 dagger)
You hit the dart slug but do no damage.
The dart slug is severely wounded.
The dart slug closely misses you.
Hit: a) +1 dagger
Press: ? - help, Dir - move target, f/p - dart slug
Aim: a dart slug (severely wounded, about 6% to evade your +1 dagger)
You hit the dart slug.
The dart slug is severely wounded.
Hit: a) +1 dagger
Press: ? - help, Dir - move target, f/p - dart slug
Aim: a dart slug (severely wounded, about 6% to evade your +1 dagger)
You hit the dart slug.
The dart slug is almost dead.
The dart slug launches a dart at you. The slug dart hits you.
You die...

#######.###.#.#...#
............>....#
#######.####..##.#
#.....# #..##.#
#.##### #.....#
#....# #.#####
####.# #.#
####.#####.#####
#.w@...........#
#........#.###.#
#....(...#...#.#
#......#####.#.#
#......# #.#.#
#####.######.#.#
.###..).......#.#
.....≈≈≈≈≈≈≈..#.##
#..≈.....≈.....#


You could see a dart slug.

Vanquished Creatures
  An endoplasm (D:1)
1 creature vanquished.

Notes
Turn   | Place    | Note
-------+----------+-------------------------------------------
     0 | D:1      | hashsling the Deep Elf Enchanter began the quest for the
                  | Orb.
     0 | D:1      | Reached XP level 1. HP: 10/10 MP: 6/6
   224 | D:1      | Killed from afar by a dart slug

Illustrated notes

Levels and vault maps discovered:
D:1:      ebering_trefoil_twist, layout_basic,
          shapermc_ecumenical_altar_mp_urbaneastern, minmay_crystal_room

Action                   || total
-------------------------++-------
Melee: Dagger            ||    11
  Use: Scroll            ||     1
Armor: Robe              ||     1
Dodge: Dodged            ||     1

Table legend: (Time is in decaauts)
 A = Elapsed time spent in this place.
 B = Non-inter-level travel time spent in this place.
 C = Inter-level travel time spent in this place.
 D = Time resting spent in this place.
 E = Time spent auto-exploring this place.
 F = Levels seen in this place.
 G = Mean time per level.
                   A        B        C        D        E       F      G
               +--------+--------+--------+--------+--------+-----+--------+
         Total |    223 |    223 |      0 |      0 |    198 |   1 |  223.0 |
       Dungeon |    223 |    223 |      0 |      0 |    198 |   1 |  223.0 |
               +--------+--------+--------+--------+--------+-----+--------+

Top non-repeatable levels by time:
     D:1: 223 daAuts
